 Dungeon Crawl Stone Soup version 0.31-a0-303-gdc8c9485ea (webtiles) character file.

Game seed: 14407371986483806821

656559 olmar the Armataur Barricade (level 26, -10/224 HPs)
             Began as an Armataur Fighter on July 16, 2023.
             Was an Initiate of Gozag.
             Killed from afar by an ancient lich (75 damage)
             ... with a bolt of acid
             ... on level 5 of the Realm of Zot on July 17, 2023.
             The game lasted 02:40:57 (69130 turns).

olmar the Armataur Barricade (Armataur Fighter)    Turns: 69130, Time: 02:40:59

Health: -10/224    AC: 49    Str: 37    XL:     26   Next: 91%
Magic:  3/18       EV:  8    Int:  5    God:    Gozag
Gold:   991        SH: 36    Dex: 17    Spells: 25/25 levels left

rFire   + + .        e - +9 eveningstar of the Water Diviner {flame, Str+5 Dex+6}
rCold   + + .        g - +10 tower shield of Ignorance {rN+ Int-4}
rNeg    + + +        n - +9 scales of the Dragon King {rPois rF+ rC+ Will+}
rPois   +            (helmet restricted)
rElec   +            D - +1 cloak of Starlight {*Dazzle EV+4 Stlth--}
rCorr   .            B - +2 pair of gloves {Str+3}
SInv    .            Z - +6 lightning scales {swift, rElec}
Will    ++...        r - amulet of regeneration Stlth
                     H - ring "Tiamut Popun" {rN+ Str+3 Dex+2}
HPRegen 0.00/turn    z - ring "Arphivvu" {rF+ rC+ rN+}
MPRegen 0.16/turn

%: random rage (9%), roll
@: marked, corroded, gold aura, on berserk cooldown, contaminated, inhibited
regen, hasted and slowed, glowing, studying 3 skills, unable to read, quick
A: large, rugged brown scales 3, deformed body, armoured tail, roll, long
tongue, awkward tongue, beak, talons 1, berserk 2, clumsy 1, deterioration 1,
dopey 1, frail 2, low MP 2, inhibited regeneration, weak 2, subdued magic 1,
inability to read after injury 1
}: 5/15 runes: decaying, slimy, silver, abyssal, gossamer
a: Renounce Religion, Potion Petition, Call Merchant, Bribe Branch


You were on level 5 of the Realm of Zot.
You worshipped Gozag.
Gozag was pleased with you.
You visited 11 branches of the dungeon, and saw 53 of its levels.
You visited the Abyss 3 times.
You also visited: Ossuary, Ice Cave, Volcano and Desolation.

You collected 30695 gold pieces.
You spent 6554 gold pieces at shops.
You paid 23150 gold pieces to Gozag.

Inventory:

Hand Weapons
 c - a +6 heavy eveningstar
 e - the +9 eveningstar of the Water Diviner (weapon) {flame, Str+5 Dex+6}
   (You found it on level 5 of the Pits of Slime)

   Str:       It affects your strength (+5).
   Dex:       It affects your dexterity (+6).
 x - the +5 demon whip "Spellbinder" {antimagic, disrupt, Will+}
   (You acquired it on level 3 of the Vaults)

   Will:      It increases your willpower.
Missiles
 L - 2 throwing nets
Armour
 b - the +1 helmet of the Fife {rC++}
   (You bought it in a shop on level 5 of the Realm of Zot)

   rC:        It greatly protects you from cold.
 g - the +10 tower shield of Ignorance (worn) {rN+ Int-4}
   (You found it on level 1 of the Depths)

   Int:       It affects your intelligence (-4).
   rN:        It protects you from negative energy.
 n - the +9 scales of the Dragon King (worn) {rPois rF+ rC+ Will+}
   (You found it on level 5 of the Lair of Beasts)

   rF:        It protects you from fire.
   rC:        It protects you from cold.
   rPois:     It protects you from poison.
   Will:      It increases your willpower.
 B - a +2 pair of gloves of strength (worn)
 D - the +1 cloak of Starlight (worn) {*Dazzle EV+4 Stlth--}
   (You bought it in a shop on level 3 of the Elven Halls)

   *Dazzle:   It may blind those who miss an attack against the wearer in melee
   combat.
   EV:        It affects your evasion (+4).
   Stlth:     It makes you much less stealthy.
 Z - the +6 lightning scales (worn) {swift, rElec}
   (You bought it in a shop on level 1 of the Depths)

   Swift:     It allows the wearer to cover ground more swiftly.
   rElec:     It insulates you from electricity.
Jewellery
 l - a ring of protection from cold
 q - a ring of resist corrosion
 r - an amulet of regeneration (around neck)
 z - the ring "Arphivvu" (right hand) {rF+ rC+ rN+}
   (You bought it in a shop on level 5 of the Pits of Slime)

   [ring of positive energy]

   rF:        It protects you from fire.
   rC:        It protects you from cold.
   rN:        It protects you from negative energy.
 C - the amulet "Taruq" {Reflect rC+ Str+3 SH+5}
   (You found it on level 2 of the Vaults)

   [amulet of reflection]

   It reflects blocked missile attacks.
   Str:       It affects your strength (+3).
   rC:        It protects you from cold.
   SH:        It affects your SH (+5).
 H - the ring "Tiamut Popun" (left hand) {rN+ Str+3 Dex+2}
   (You bought it in a shop on level 2 of the Orcish Mines)

   [ring of positive energy]

   Str:       It affects your strength (+3).
   Dex:       It affects your dexterity (+2).
   rN:        It protects you from negative energy.
Wands
 d - a wand of acid (27)
 f - a wand of flame (94)
 h - a wand of mindburst (42)
 j - a wand of polymorph (16)
 o - a wand of charming (10)
 S - a wand of roots (47)
 X - a wand of digging (32)
Scrolls
 k - 10 scrolls of fear
 v - 6 scrolls of enchant armour
 w - 8 scrolls of poison
 y - 2 scrolls of enchant weapon
 E - 7 scrolls of fog
 G - 6 scrolls of revelation
 M - 25 scrolls of identify
 O - 2 scrolls of silence
 P - 4 scrolls of butterflies
 V - 2 scrolls of blinking
Potions
 i - 11 potions of ambrosia
 m - 4 potions of might
 p - 2 potions of invisibility
 t - 2 potions of cancellation
 u - 7 potions of mutation
 A - 7 potions of lignification
 J - 10 potions of haste
 K - a potion of heal wounds
 N - 6 potions of curing
 R - 8 potions of enlightenment
 T - 4 potions of berserk rage
Miscellaneous
 a - a box of beasts (inert) (quivered)
 F - a phantom mirror
 Q - a tin of tremorstones (2/2)
 W - a phial of floods


   Skills:
 + Level 25.1 Fighting
 + Level 24.3 Maces & Flails
 + Level 25.4 Armour
 O Level 27 Shields
 + Level 9.2 Evocations


You had 25 spell levels left.
You didn't know any spells.
Your spell library contained the following spells:

 Spells                   Type           Power      Damage    Failure   Level
 Apportation              Tloc           0%         N/A       91%         1
 Foxfire                  Conj/Fire      0%         2x1d4     91%         1
 Kiss of Death            Conj/Necr      0%         2d5       91%         1
 Necrotise                Necr           0%         1d4       91%         1
 Shock                    Conj/Air       0%         1d3       91%         1
 Slow                     Hex            0%         N/A       91%         1
 Sting                    Tmut/Pois      0%         1d3       91%         1
 Summon Small Mammal      Summ           0%         N/A       91%         1
 Cigotuvi's Dreadful Rot  Necr/Pois/Air  0%         N/A       97%         2
 Lesser Beckoning         Tloc           0%         N/A       97%         2
 Passwall                 Tmut/Erth      0%         N/A       97%         2
 Poisonous Vapours        Pois/Air       0%         N/A       97%         2
 Static Discharge         Conj/Air       0%         2-2/arc   97%         2
 Confusing Touch          Hex            0%         N/A       100%        3
 Ignite Poison            Fire/Tmut/Pois 0%         N/A       100%        3
 Inner Flame              Hex/Fire       0%         N/A       100%        3
 Ozocubu's Armour         Ice            0%         N/A       100%        3
 Portal Projectile        Hex/Tloc       0%         N/A       100%        3
 Swiftness                Air            0%         N/A       100%        3
 Tukima's Dance           Hex            0%         N/A       100%        3
 Vampiric Draining        Necr           0%         2d6       100%        3
 Vhi's Electric Charge    Tloc/Air       0%         N/A       100%        3
 Airstrike                Air            0%         2d(0-16)  100%        4
 Anguish                  Hex/Necr       0%         N/A       100%        4
 Animate Armour           Summ/Erth      0%         N/A       100%        4
 Cause Fear               Hex            0%         N/A       100%        4
 Dispel Undead            Necr           0%         3d6       100%        4
 Flame Wave               Conj/Fire      0%         2d4       100%        4
 Iskenderun's Mystic Bla  Conj/Tloc      0%         2d3       100%        4
 Manifold Assault         Tloc           0%         N/A       100%        4
 Olgreb's Toxic Radiance  Pois           0%         N/A       100%        4
 Passage of Golubria      Tloc           0%         N/A       100%        4
 Sticky Flame             Conj/Fire      0%         2d3       100%        4
 Summon Ice Beast         Ice/Summ       0%         N/A       100%        4
 Summon Lightning Spire   Summ/Air       0%         N/A       100%        4
 Alistair's Intoxication  Tmut/Pois      0%         N/A       100%        5
 Arcjolt                  Conj/Air       0%         1d10      100%        5
 Borgnjor's Vile Clutch   Necr/Erth      0%         N/A       100%        5
 Fireball                 Conj/Fire      0%         3d3       100%        5
 Freezing Cloud           Conj/Ice/Air   0%         6-21      100%        5
 Irradiate                Conj/Tmut      0%         3d11      100%        5
 Iskenderun's Battlesphe  Conj           0%         2d6       100%        5
 Lee's Rapid Deconstruct  Erth           0%         3d4*      100%        5
 Metabolic Englaciation   Hex/Ice        0%         N/A       100%        5
 Summon Forest            Summ/Tloc      0%         N/A       100%        5
 Summon Mana Viper        Hex/Summ       0%         N/A       100%        5
 Yara's Violent Unravell  Hex/Tmut       0%         3d3       100%        5
 Conjure Ball Lightning   Conj/Air       0%         3x3d6     100%        6
 Death Channel            Necr           0%         N/A       100%        6
 Eringya's Noxious Bog    Tmut/Pois      0%         4d6       100%        6
 Leda's Unmaking          Conj/Erth      0%         9d1       100%        6
 Plasma Beam              Fire/Air       0%         2x1d10    100%        6
 Starburst                Conj/Fire      0%         6d3       100%        6
 Enfeeble                 Hex            0%         N/A       100%        7
 Haunt                    Necr/Summ      0%         N/A       100%        7
 Malign Gateway           Summ/Tloc      0%         N/A       100%        7
 Monstrous Menagerie      Summ           0%         N/A       100%        7
 Ozocubu's Refrigeration  Ice            0%         4d7       100%        7
 Spellforged Servitor     Conj/Summ      0%         N/A       100%        7
 Summon Hydra             Summ           0%         N/A       100%        7
 Borgnjor's Revivificati  Necr           0%         N/A       100%        8
 Discord                  Hex            0%         N/A       100%        8
 Disjunction              Tloc           0%         N/A       100%        8
 Infestation              Necr           0%         N/A       100%        8
 Maxwell's Capacitive Co  Air            0%         ∞         100%        8
 Death's Door             Necr           0%         N/A       100%        9
 Dragon's Call            Summ           0%         N/A       100%        9
 Polar Vortex             Ice            0%         N/A       100%        9
 Animate Dead             Necr           Unusable   N/A       N/A         4
 Simulacrum               Ice/Necr       Unusable   N/A       N/A         6

Dungeon Overview and Level Annotations

Branches:
Dungeon (15/15)            Temple (1/1) D:5            Lair (5/5) D:9
  Swamp (4/4) Lair:2       Spider (4/4) Lair:3        Slime (5/5) Lair:4
    Orc (2/2) D:11            Elf (3/3) Orc:2        Vaults (5/5) D:14
  Crypt (0/3) Vaults:3     Depths (4/4) D:15            Zot (5/5) Depths:4
Ossuary (visited)           IceCv (visited)         Volcano (visited)
Desolation (visited)

Altars:
Ashenzari
Cheibriados
Dithmenos
Elyvilon
Fedhas
Gozag
Hepliaklqana
Kikubaaqudgha
Makhleb
Nemelex Xobeh
Okawaru
Qazlal
Ru
Sif Muna
Trog
Uskayaw
Vehumet
Wu Jian
Xom
Yredelemnul
Zin
The Shining One
Jiyva
Lugonu

Shops:
D:7 :   D:10 (*   D:14 :   D:15 [   Orc:2 ([((((=:?   Elf:3 [   Swamp:2 (
Spider:1 [   Slime:5 =   Vaults:2 *   Vaults:3 *   Zot:1 *   Zot:5 [[
Depths:1 [   Depths:2 !(   Depths:4 [

Portals:
Hell: Depths:1 Depths:2 Depths:3 Depths:4
Abyss: Depths:1 Depths:3 Depths:4
Pandemonium: Depths:1 Depths:2 Depths:3
Ziggurat: Depths:4
Trove: Vaults:1 (give +3 fire dragon scales)

Annotations:
D:11 3 runed translucent doors, bchevrier's ghost, journeyman GnWn; salammoniac's ghost, journeyman DrSh
Orc:2 2 transporters, HilariousDeathArtist's ghost, adept GnCK
Elf:2 3 runed translucent doors
Vaults:4 1 transporter
Depths:4 2 transporters, Olanal's ghost, veteran AtFi
Zot:5 exclusion: obsidian statue


Innate Abilities, Weirdness & Mutations

You are completely covered in rugged brown scales. (AC +3, +7% HP)
Armour fits poorly on your strangely shaped body.
You have a long armoured tail.
You roll when moving toward enemies. (Rampage)
Your long tongue fully drains potion bottles. (2x potion effects)
Your tongue gives you trouble enunciating. (1.5x scroll delay)
You have a beak for a mouth.
You have sharp toenails.
You have an uncontrollable temper.
You are clumsy. (Dex -2)
Your body sometimes deteriorates upon taking damage.
You are dopey. (Int -2)
You are very frail. (-20% HP)
Your magical capacity is very low. (-20% MP)
You do not regenerate when monsters are visible.
You are very weak. (Str -4)
Your spells are a little easier to cast, but a little less powerful.
You occasionally lose the ability to read scrolls when taking damage.


Message History

Unknown command.
You thrash the orb of fire!!
The orb of fire's magic leaks into the air.
The orb of fire is caught in a field of spatial distortion.
Your peck misses the orb of fire.
You tail-slap the orb of fire, but do no damage.
The orb of fire is severely damaged.
The Orb Guardian hits you but does no damage.
The Orb Guardian completely misses you. You block the red draconian's attack.
You block the yellow draconian's attack.
The yellow draconian hits your nameless horror with a +0 hand axe.
Your nameless horror is destroyed!
Your nameless horror disappears in a puff of smoke!
You block the Orb Guardian's attack.
The orb of fire glows bright magenta.
Strange energies course through your body.
You feel frail.
Unknown command.
You feel magic returning to you.
You feel stronger.
You feel agile.
The +9 eveningstar of the Water Diviner {flame, Str+5 Dex+6} bursts into flame!
e - the +9 eveningstar of the Water Diviner (weapon)
{flame, Str+5 Dex+6} Something touches you but does no damage.
The Orb Guardian is distracted by your dazzling golden aura.
You block the Orb Guardian's attack.
The Orb Guardian hits you but does no damage.
You beat the orb of fire like a drum!!!
The orb of fire is almost destroyed.
The orb of fire's magic is no longer disrupted.
The tentacled monstrosity is no longer distracted by gold.
You block the Orb Guardian's attack.
The red draconian hits you from afar with a +0 glaive!
* * * LOW HITPOINT WARNING * * *
You block the yellow draconian's attack.
You hear some strange, mumbled words.
A bolt of acid appears from out of thin air!
The bolt of acid hits you!!!!
You feel threatened and lose the ability to read scrolls!
You die...
Your body crumbles into a pile of gold.

#.#.#.#.#.#.#.#.#.#..+.
#.#.#.#.#.#.#.#.#.###.
#.#.#.#.#.#.#.#.#.#.###
#.# #.#.#.#.#.#.#.#.#...
###########▓▓▓▓########.
..^.......## #........
...........## ##......)
....^.$XX...## #....^..
............@XX...#
##......
...^........d*{....#
#......
..............d.$$$.#
#......
).....^.........$X..#
#.......
................$...#
#.......
.^..............X...#
........
#...............XX.##
######
#...............$##.$
#................^..#


You could see an orb of fire, a tentacled monstrosity, a yellow draconian
(poisoned), a red draconian (poisoned) and 7 Orb Guardians.

Vanquished Creatures
  the Royal Jelly (Slime:5)
  4 dread liches
  6 orbs of fire
  5 ancient liches
  Vv (Zot:2)
  Bai Suzhen (Depths:2)
  Frederick (Depths:3)
  Saint Roka (Vaults:1)
  7 Killer Klowns (Zot:5)
  2 curse toes
  9 golden dragons
  2 bone dragons
  A Brimstone Fiend (Depths:2)
  12 tentacled monstrosities
  5 electric golems
  18 Orb Guardians (Zot:5)
  A lich (Abyss:4)
  4 titans
  Asterion (Spider:2)
  A walking divine tome (Depths:4)
  4 quicksilver dragons
  2 deep elf master archers (Elf:3)
  2 deep elf blademasters (Elf:3)
  6 sphinxes
  33 acid blobs
  Frances (Spider:2)
  12 death cobs
  8 tentacled starspawn
  Gastronok (Orc:1)
  An eldritch tentacle (Elf:1)
  An Executioner (Depths:2)
  Kirke (Swamp:2)
  Aizul (Swamp:4)
  Donald (Spider:3)
  7 tengu reavers
  A thorn hunter (Swamp:4)
  8 storm dragons
  12 shadow dragons
  11 draconian monks
  7 fire giants
  12 azure jellies
  3 deep elf sorcerers (Elf:3)
  8 frost giants
  8 draconian knights
  2 imperial myrmidons (Desolation)
  13 rockslimes
  8 emperor scorpions
  2 iron dragons
  4 draconian scorchers
  21 vault wardens
  7 ghost moths
  A balrug (Depths:1)
  A cacodemon (Depths:2)
  3 orc warlords
  A ghoul (Swamp:1)
  3 draconian shifters
  2 draconian annihilators
  4 spectral caustic shrikes (Depths:3)
  22 very ugly things
  16 quicksilver oozes
  2 war gargoyles
  3 draconian stormcallers
  A juggernaut zombie (D:15)
  2 vampire knights
  16 ironbound preservers
  9 formless jellyfish
  11 stone giants
  Nessos (Lair:3)
  6 ironbound thunderhulks
  7 eleionomae
  4 broodmothers
  7 black draconians
  15 dire elephants
  5 green draconians
  12 deep elf demonologists
  11 white draconians
  A bunyip (shapeshifter) (Depths:4)
  2 halazid warlocks (Desolation)
  11 bunyips
  13 spark wasps
  6 deep elf annihilators (Elf:3)
  4 purple draconians
  18 red draconians
  4 yellow draconians
  3 deep elf death magi (Elf:3)
  4 ettins
  4 blizzard demons
  5 crystal guardians
  6 ragged hierophants (Desolation)
  8 great orbs of eyes
  A shambling mangrove (Swamp:3)
  14 yaktaur captains
  15 fire dragons
  3 deep elf high priests
  5 entropy weavers
  7 servants of whispers (Desolation)
  35 vault guards
  8 peacekeepers
  18 hydras
  7 radroaches
  3 ogre magi
  A spriggan air mage (Depths:4)
  Erolcha (D:11)
  7 ironbound frosthearts
  8 rakshasas
  10 ice dragons
  6 boulder beetles
  A hell beast (Depths:1)
  2 ghost crabs
  A spriggan skeleton (Abyss:3)
  4 two-headed ogres
  Erica (Lair:1)
  8 centaur warriors
  5 catoblepae
  4 deep troll shamans
  9 alligators
  22 death yaks
  26 dancing weapons
  8 deep troll earth magi
  4 spriggan berserkers
  4 tengu warriors
  8 demonic crawlers
  A thrashing horror (Abyss:2)
  Urug (Lair:5)
  A vampire mage (Depths:1)
  11 hell knights
  16 deep elf knights
  An orc high priest (Orc:2)
  Sonja (Lair:5)
  2 shock serpents (Elf:1)
  A fire crab (shapeshifter) (D:14)
  2 titan skeletons
  2 fire crabs (Swamp:4)
  A skyshark (Lair:3)
  9 pharaoh ants
  4 wretched stars
  11 skeletal warriors
  A sixfirhy (Abyss:3)
  10 spriggans
  2 death drakes
  2 sun moths (Spider:4)
  2 sea snakes (Elf:1)
  3 iron trolls
  A shadow wraith (Vaults:1)
  5 spriggan druids
  3 glowing orange brains
  6 swamp dragons
  A sphinx zombie (Vaults:5)
  A flayed ghost (Depths:3)
  8 orb spiders
  4 bog bodies
  9 goliath frogs
  45 deep trolls
  10 deep elf archers
  24 ironbound convokers
  5 phantasmal warriors
  3 orc knights
  20 wolf spiders
  8 wizards
  7 necromancers
  4 will-o-the-wisps
  34 deep elf pyromancers
  2 spectral wolf spiders (Spider:3)
  6 lindwurms
  8 steelbarb worms
  5 harpies
  A mana viper (shapeshifter) (Vaults:5)
  A mana viper (Elf:1)
  3 wolf spider zombies (Spider:3)
  29 deep elf zephyrmancers
  6 shining eyes
  28 ugly things
  15 orc sorcerers
  A stone giant zombie (Vaults:2)
  3 manticores
  A salamander (shapeshifter) (Depths:1)
  A tengu zombie (D:15)
  A cyclops (shapeshifter) (Elf:1)
  3 cyclopes
  A worldbinder (Abyss:3)
  A shining eye (shapeshifter) (Elf:3)
  4 black mambas
  2 molten gargoyles (Volcano)
  An apocalypse crab (Abyss:2)
  2 stone giant skeletons (Vaults:3)
  A rust devil (Depths:2)
  14 vault sentinels
  115 slime creatures
  20 moths of wrath
  A gargoyle (D:10)
  6 guardian serpents
  3 fire giant skeletons
  7 elephants
  4 human skeletons
  12 cane toads
  3 smoke demons
  Maurice (Orc:1)
  2 frost giant skeletons
  An ice statue (IceCv)
  4 torpor snails
  2 eyes of devastation
  6 rime drakes
  4 efreet
  A hellion (Abyss:2)
  Psyche (D:8)
  An unseen horror (Abyss:3)
  5 freezing wraiths
  60 yaktaurs
  A kobold demonologist (D:12)
  A golden dragon simulacrum (Vaults:5)
  13 komodo dragons
  7 red devils
  A guardian mummy (D:14)
  3 ancient zymes (Abyss:2)
  5 tengu conjurers
  A yaktaur skeleton (Vaults:3)
  28 tarantellas
  18 hornets
  13 meliai
  8 polar bears
  2 queen bees
  2 meliai (shapeshifter)
  A hellwing (Depths:1)
  A hornet (shapeshifter) (Vaults:4)
  6 tyrant leeches
  61 saltlings (Desolation)
  13 raiju
  A wind drake (shapeshifter) (Vaults:5)
  Grinder (D:5)
  7 trolls
  30 blink frogs
  4 wolf spider simulacra (Spider:3)
  A spriggan zombie (D:15)
  9 air elementals
  A stone giant simulacrum (Depths:1)
  17 culicivoras
  3 shadows
  A centaur simulacrum (D:14)
  An elf skeleton (Vaults:3)
  An ettin skeleton (Vaults:3)
  32 jumping spiders
  4 wyverns
  3 ynoxinuls
  81 yaks
  3 fire bats
  18 fire elementals
  A redback (shapeshifter) (Vaults:4)
  8 water elementals
  52 redbacks
  11 golden eyes
  6 basilisks
  16 humans (D:14)
  2 hogs
  4 chaos spawn
  A neqoxec (Depths:1)
  7 large abominations
  4 steam dragons
  12 vampire mosquitoes
  15 swamp worms
  2 spatial vortices (Elf:1)
  9 wargs
  15 water moccasins
  3 acid dragons
  Duvessa (D:4)
  A floating eye (shapeshifter) (Vaults:4)
  A glowing shapeshifter skeleton (Vaults:2)
  A hell hound (Abyss:2)
  4 ice beasts
  3 black bears
  29 orc warriors
  6 swamp drakes
  A sky beast (shapeshifter) (Depths:3)
  2 sky beasts
  5 boggarts (Vaults:3)
  9 ogres
  9 centaurs
  14 wolves
  A phantom (D:6)
  A kobold brigand (D:12)
  A gnoll sergeant (D:11)
  15 bullfrogs
  5 earth elementals
  6 scorpions
  A water moccasin zombie (Ossuary)
  9 small abominations
  Dowan (D:4)
  11 wights
  27 killer bees
  2 electric eels (Spider:2)
  A vampire bat (Elf:1)
  6 howler monkeys
  2 bullfrog zombies (Ossuary)
  A crimson imp (Abyss:2)
  2 centaur zombies (Ossuary)
  2 human zombies
  4 lava snakes (Volcano)
  A quasit (D:11)
  3 jellies (D:6)
  7 hounds
  15 orc priests
  10 starcursed masses (Abyss:2)
  An iron imp (Abyss:2)
  2 gnoll boudas
  A sleepcap (D:7)
  5 iguanas
  38 orc wizards
  A scorpion zombie (Ossuary)
  4 lightning spires (Elf:1)
  23 gnolls
  5 adders
  A shadow imp (D:6)
  2 white imps (Abyss:2)
  3 ufetubi
  2 adder zombies (Ossuary)
  A worm (Lair:3)
  2 dart slugs
  75 orcs
  4 ball pythons
  8 bats
  6 endoplasms
  6 giant cockroaches
  3 gnoll zombies (Ossuary)
  10 goblins
  8 hobgoblins
  6 jackals
  6 quokkas
  5 frilled lizards
  2 goblin zombies (Ossuary)
  3 hobgoblin zombies (Ossuary)
  11 kobolds
  2 orc zombies (Ossuary)
  6 rats
  A fire vortex (Swamp:4)
  8 starspawn tentacles
2534 creatures vanquished.

Vanquished Creatures (collateral kills)
  A tentacled monstrosity (Zot:4)
  A titan (Vaults:5)
  A shadow dragon (Vaults:5)
  A draconian monk (Zot:2)
  A fire giant (Vaults:5)
  A vault warden (Vaults:5)
  A draconian annihilator (Zot:3)
  A black draconian (Zot:5)
  2 purple draconians
  A yellow draconian (Zot:3)
  A red draconian (Zot:4)
  2 slime creatures (Slime:1)
  A harpy (Vaults:5)
  An ironbound convoker (Vaults:5)
  An orb spider (Spider:1)
  A mana viper (shapeshifter) (Vaults:5)
  A moth of wrath (Zot:5)
  3 yaks (Lair:3)
  A steam dragon (Swamp:4)
  An orc wizard (Orc:2)
  2 orcs (Orc:2)
26 creatures vanquished.

Vanquished Creatures (others)
  A lich (Vaults:3)
  2 shadow dragons (Vaults:5)
  A draconian monk (Zot:2)
  A vault warden (Vaults:5)
  A deep elf elementalist (Elf:1)
  A green draconian (Zot:2)
  A yellow draconian (Zot:5)
  A servant of whispers (Desolation)
  An alligator (Swamp:4)
  2 deep elf knights
  A phantasmal warrior (Vaults:5)
  A spectral wolf spider (Spider:3)
  A harpy (Vaults:5)
  A deep elf pyromancer (Elf:3)
  2 deep elf zephyrmancers
  A moth of wrath (Zot:2)
  3 yaktaurs (Vaults:5)
  3 bloated husks
  A saltling (Desolation)
  A tarantella (Spider:1)
  A jumping spider (Spider:1)
  A culicivora (Spider:1)
  A yak (Lair:2)
  3 humans (Swamp:3)
  2 steam dragons (Swamp:4)
  A chaos spawn (Depths:2)
  A redback (Spider:1)
  5 swamp drakes (Swamp:4)
  A necrophage (Swamp:1)
  A small abomination (Abyss:2)
  A quasit (Abyss:2)
  An orc wizard (Orc:1)
  2 ball lightnings (Elf:1)
  20 foxfires
  19 starspawn tentacles
87 creatures vanquished.

Grand Total: 2647 creatures vanquished

Notes
Turn   | Place    | Note
-------+----------+-------------------------------------------
     0 | D:1      | olmar the Armataur Fighter began the quest for the Orb.
     0 | D:1      | Reached XP level 1. HP: 19/19 MP: 1/1
   224 | D:1      | Reached XP level 2. HP: 22/26 MP: 2/2
   496 | D:1      | Found a faded altar of an unknown god.
   579 | D:1      | Reached XP level 3. HP: 33/33 MP: 3/3
  1652 | D:3      | Found a radiant altar of Vehumet.
  1668 | D:3      | Reached XP level 4. HP: 40/40 MP: 4/4
  1982 | D:3      | Reached XP level 5. HP: 34/48 MP: 5/5
  2743 | D:4      | Reached skill level 4 in Shields
  2760 | D:4      | Noticed Duvessa
  2761 | D:4      | Noticed Dowan
  2781 | D:4      | Killed Duvessa
  2782 | D:4      | Reached skill level 5 in Armour
  2782 | D:4      | Reached XP level 6. HP: 54/54 MP: 6/6
  2783 | D:4      | Killed Dowan
  3018 | D:4      | Found a sand-covered staircase.
  3026 | Ossuary  | Entered an ossuary
  3121 | Ossuary  | Reached skill level 5 in Maces & Flails
  3131 | Ossuary  | Reached XP level 7. HP: 63/63 MP: 7/7
  3204 | Ossuary  | Noticed a silent spectre
  3439 | D:5      | Entered Level 5 of the Dungeon
  3671 | D:5      | Found a staircase to the Ecumenical Temple.
  3697 | Temple   | Entered the Ecumenical Temple
  3823 | D:5      | Noticed Grinder
  3835 | D:5      | Paralysed by Grinder for 5 turns
  3843 | D:5      | Paralysed by Grinder for 3 turns
  3853 | D:5      | Killed Grinder
  3854 | D:5      | Reached skill level 5 in Shields
  3854 | D:5      | Reached XP level 8. HP: 71/71 MP: 8/8
  4492 | D:6      | Reached skill level 5 in Fighting
  4518 | D:6      | Reached skill level 1 in Evocations
  4666 | D:6      | Reached XP level 9. HP: 77/79 MP: 9/9
  4923 | D:7      | Found a blossoming altar of Fedhas.
  4957 | D:7      | Found Asiarr's Book Emporium.
  5029 | D:7      | Noticed a komodo dragon
  5048 | D:7      | Killed a komodo dragon
  5049 | D:7      | Reached skill level 6 in Shields
  6114 | D:8      | Found a bloodstained altar of Trog.
  6114 | D:8      | Found a glowing golden altar of the Shining One.
  6115 | D:8      | Found a snail-covered altar of Cheibriados.
  6116 | D:8      | Found a hazy altar of Hepliaklqana.
  6116 | D:8      | Found a shadowy altar of Dithmenos.
  6117 | D:8      | Found an ornate altar of the Wu Jian Council.
  6118 | D:8      | Found a white marble altar of Elyvilon.
  6118 | D:8      | Found a shimmering altar of Xom.
  6119 | D:8      | Found a basalt altar of Yredelemnul.
  6120 | D:8      | Found an iron altar of Okawaru.
  6120 | D:8      | Found a hide-covered altar of Uskayaw.
  6148 | D:8      | Noticed Psyche
  6162 | D:8      | Killed Psyche
  6163 | D:8      | Reached XP level 10. HP: 79/86 MP: 7/10
  6207 | D:8      | You fall into a shaft and drop 2 floors!
  6207 | D:10     | Entered Level 10 of the Dungeon
  6452 | D:9      | Found a staircase to the Lair.
  6531 | D:9      | Reached skill level 7 in Shields
  7599 | D:9      | Reached skill level 10 in Armour
  7670 | D:10     | Found Ykanoes's General Store.
  7682 | D:10     | Found Jagucsa's Weapon Emporium.
  7700 | D:10     | Reached skill level 10 in Maces & Flails
  7718 | D:10     | Noticed a gargoyle
  7730 | D:10     | Killed a gargoyle
  8022 | D:10     | Reached XP level 11. HP: 95/98 MP: 11/11
  8178 | D:10     | Noticed a two-headed ogre
  8193 | D:10     | Killed a two-headed ogre
  8556 | D:10     | Found an opulent altar of Gozag.
  8575 | D:10     | Became a worshipper of Gozag Ym Sagoz the Greedy
  8807 | D:11     | Reached skill level 8 in Shields
  8824 | D:11     | Noticed Erolcha
  8824 | Abyss:2  | Noticed a large abomination
  8824 | Abyss:2  | Cast into level 2 of the Abyss (Erolcha)
  8825 | Abyss:2  | Noticed a bunyip
  8849 | Abyss:2  | Killed a bunyip
  8860 | Abyss:2  | Killed a large abomination
  8874 | Abyss:2  | Noticed a tentacled starspawn
  8890 | Abyss:2  | Noticed a tentacled starspawn
  8891 | Abyss:2  | Killed a tentacled starspawn
  8913 | Abyss:2  | Killed a tentacled starspawn
  8916 | Abyss:2  | Noticed a thrashing horror
  8917 | D:11     | Escaped the Abyss
  8933 | Abyss:2  | Cast into level 2 of the Abyss (Erolcha)
  8953 | Abyss:2  | Noticed a starcursed mass
  8981 | Abyss:2  | Reached skill level 9 in Shields
  9088 | Abyss:2  | Noticed a tentacled starspawn
  9097 | Abyss:2  | Killed a tentacled starspawn
  9098 | Abyss:2  | Reached XP level 12. HP: 69/110 MP: 12/12
  9107 | D:11     | Escaped the Abyss
  9109 | D:11     | Killed Erolcha
  9209 | D:11     | Found a staircase to the Orcish Mines.
  9571 | D:11     | Found a runed translucent gate.
  9571 | D:11     | Found a runed translucent gate.
  9571 | D:11     | Found a runed translucent gate.
  9571 | D:11     | Noticed salammoniac's ghost (journeyman DrSh)
  9573 | D:11     | Noticed bchevrier's ghost (journeyman GnWn)
  9845 | Lair:1   | Entered Level 1 of the Lair of Beasts
 10170 | Lair:1   | Reached skill level 10 in Shields
 10299 | Lair:1   | Found a hazy altar of Hepliaklqana.
 10318 | Lair:1   | Noticed Erica
 10333 | Lair:1   | Killed Erica
 11131 | Lair:2   | Found a staircase to the Swamp.
 11186 | Lair:2   | Noticed a death yak
 12080 | Lair:2   | Reached skill level 11 in Shields
 12084 | Lair:2   | Killed a death yak
 12237 | Lair:2   | Noticed a boulder beetle
 12253 | Lair:2   | Killed a boulder beetle
 12254 | Lair:2   | Reached XP level 13. HP: 120/120 MP: 13/13
 12529 | Lair:3   | Reached skill level 10 in Fighting
 12598 | Lair:3   | Found a dark tunnel.
 12612 | Volcano  | Entered a volcano
 12708 | Volcano  | Found a bloodstained altar of Trog.
 13271 | Lair:3   | Found a hole to the Spider Nest.
 13417 | Lair:3   | Noticed Nessos
 13721 | Lair:3   | Reached skill level 12 in Shields
 13730 | Lair:3   | Killed Nessos
 14954 | Lair:4   | Found a staircase to the Slime Pits.
 15212 | Lair:4   | Reached XP level 14. HP: 132/132 MP: 14/14
 15429 | Lair:5   | Entered Level 5 of the Lair of Beasts
 15518 | Lair:5   | Noticed Urug
 15544 | Lair:5   | Killed Urug
 15553 | Lair:5   | Reached skill level 13 in Shields
 15603 | Lair:5   | Found the +9 scales of the Dragon King {rPois rF+ rC+
                  | Will+}
 16377 | Lair:5   | Reached skill level 15 in Maces & Flails
 16572 | Lair:5   | Noticed Sonja
 16724 | Lair:5   | Killed Sonja
 17099 | Orc:1    | Entered Level 1 of the Orcish Mines
 17195 | Orc:1    | Found a frozen archway.
 17203 | IceCv    | Entered an ice cave
 17600 | IceCv    | Reached XP level 15. HP: 141/141 MP: 15/15
 17736 | IceCv    | Noticed a frost giant
 17747 | IceCv    | Killed a frost giant
 18141 | Orc:1    | Noticed Gastronok
 18150 | Orc:1    | Killed Gastronok
 18183 | Orc:1    | Noticed Maurice
 18190 | Orc:1    | Killed Maurice
 18541 | Orc:1    | Reached skill level 14 in Shields
 18736 | Orc:1    | Identified the +7 broad axe of the Hills {heavy, Will+
                  | Stlth+}
 18873 | Orc:2    | Entered Level 2 of the Orcish Mines
 19146 | Orc:2    | Found a transporter.
 19149 | Orc:2    | Found a staircase to the Elven Halls.
 19483 | Orc:2    | Found Itic's Magic Scroll Shoppe.
 19489 | Orc:2    | Found Yhuk's Antique Weapon Emporium.
 19513 | Orc:2    | Bought a scroll of teleportation for 33 gold pieces
 19513 | Orc:2    | Bought a scroll of teleportation for 33 gold pieces
 19513 | Orc:2    | Bought a scroll of identify for 22 gold pieces
 19513 | Orc:2    | Bought a scroll of identify for 22 gold pieces
 19513 | Orc:2    | Bought a scroll of identify for 22 gold pieces
 19513 | Orc:2    | Bought a scroll of identify for 22 gold pieces
 19513 | Orc:2    | Bought a scroll of fear for 44 gold pieces
 19530 | Orc:2    | Found an ancient bone altar of Kikubaaqudgha.
 19656 | Orc:2    | Found Qibregh's Book Emporium.
 19659 | Orc:2    | Found a radiant altar of Vehumet.
 19720 | Orc:2    | Found Liomugh's Jewellery Shoppe.
 19751 | Orc:2    | Bought the ring "Tiamut Popun" {rN+ Str+3 Dex+2} for 487
                  | gold pieces
 19810 | Orc:2    | Noticed HilariousDeathArtist's ghost (adept GnCK)
 19813 | Orc:2    | Found a transporter.
 19950 | Orc:2    | Bought a +1 helmet of see invisible for 280 gold pieces
 21198 | D:13     | Reached skill level 5 in Evocations
 21490 | D:14     | Found Ywuiven's Book Boutique.
 21599 | D:14     | Reached skill level 15 in Shields
 21633 | D:14     | Found a gate to the Vaults.
 21760 | D:14     | Reached XP level 16. HP: 145/153 MP: 16/16
 22515 | D:14     | Found a blossoming altar of Fedhas.
 22624 | D:15     | Entered Level 15 of the Dungeon
 22624 | D:15     | Found Zevvab's Antique Armour Boutique.
 23117 | D:15     | Reached skill level 15 in Armour
 23472 | D:15     | Found a staircase to the Depths.
 23984 | D:15     | Found an iron altar of Okawaru.
 24253 | Swamp:1  | Entered Level 1 of the Swamp
 24394 | Swamp:1  | Reached skill level 16 in Shields
 24682 | Swamp:1  | Identified the +5 orcbow "Gaovibaff" {flame, Int+3}
 25658 | Swamp:3  | Noticed Kirke
 25745 | Swamp:2  | Killed Kirke
 25878 | Swamp:2  | Reached XP level 17. HP: 86/162 MP: 17/17
 26027 | Swamp:3  | Reached skill level 17 in Shields
 26476 | Swamp:4  | Entered Level 4 of the Swamp
 27258 | Swamp:4  | Noticed Aizul
 27294 | Swamp:4  | Killed Aizul
 27504 | Swamp:4  | Reached skill level 18 in Shields
 27672 | Swamp:4  | Got a decaying rune of Zot
 28038 | Vaults:1 | Entered Level 1 of the Vaults
 28178 | Vaults:1 | Noticed Saint Roka
 28209 | Vaults:1 | Killed Saint Roka
 28271 | Vaults:1 | Found a portal to a secret trove of treasure.
 28359 | Vaults:1 | Found a crumbling gateway.
 28368 | Desolati | Entered the Desolation of Salt
 28628 | Desolati | Reached XP level 18. HP: 173/173 MP: 18/18
 28754 | Desolati | Identified the ring "Dibruo" {rC+ rN++ Str-4}
 28757 | Desolati | Identified the +3 orcbow of the Hurling Gods {drain,
                  | Fragile +Blink Will++}
 28759 | Desolati | Identified the +4 ring mail of Raegam {Fly rF+ Str+6 Int+3}
 28770 | Desolati | Identified the ring "Nikka Dopy" {rF+ Int+6}
 29095 | Desolati | Reached skill level 19 in Shields
 29114 | Desolati | Reached skill level 15 in Fighting
 29214 | Desolati | Found the +4 moon troll leather armour {Spirit, Regen++
                  | MP+5}
 29218 | Desolati | Identified the +2 trident "Qixemueps" {antimagic, rF+
                  | Int+3}
 29227 | Desolati | Identified the ring of the Thistle {Fire rElec Will++
                  | Str+3}
 30200 | Vaults:1 | Noticed an ancient lich
 30216 | Vaults:1 | Killed an ancient lich
 30260 | Vaults:1 | Identified the +7 war axe of Poinkiu {flame, rC+ rCorr}
 30262 | Vaults:1 | Identified the staff of the Unkillable {rN+ Int+4 Dex+7
                  | Necro}
 31262 | Vaults:2 | Identified the amulet "Taruq" {Reflect rC+ Str+3 SH+5}
 31277 | Vaults:2 | Reached skill level 20 in Shields
 32012 | Vaults:2 | Found Empaj's Assorted Antiques.
 32018 | Vaults:2 | Bought 2 potions of haste for 820 gold pieces
 32018 | Vaults:2 | Bought a scroll of butterflies for 164 gold pieces
 32018 | Vaults:2 | Bought a scroll of blinking for 307 gold pieces
 32662 | Vaults:3 | Reached XP level 19. HP: 67/184 MP: 19/19
 33152 | Vaults:3 | Found Extijeto's General Store.
 33156 | Vaults:3 | Bought a scroll of teleportation for 36 gold pieces
 33156 | Vaults:3 | Bought a scroll of teleportation for 36 gold pieces
 33156 | Vaults:3 | Bought a potion of might for 48 gold pieces
 33475 | Vaults:3 | Reached skill level 21 in Shields
 33539 | Vaults:3 | Found a staircase to the Crypt.
 33618 | Vaults:3 | Identified a scroll of acquirement
 33644 | Vaults:3 | Acquired the +5 demon whip "Spellbinder" {antimagic,
                  | disrupt, Will+}
 33644 | Vaults:3 | Found the +5 demon whip "Spellbinder" {antimagic, disrupt,
                  | Will+}
 34510 | Vaults:4 | Noticed a dread lich
 34516 | Vaults:4 | Noticed a Brimstone Fiend
 34793 | Vaults:4 | Found a transporter.
 34794 | Vaults:4 | Found a shimmering blue altar of Sif Muna.
 35065 | Elf:1    | Entered Level 1 of the Elven Halls
 35104 | Elf:1    | Identified the +4 halberd of Xidyep {elec, Fragile Int+3
                  | Dex+3}
 35631 | Elf:1    | Got Aphicve's Octavo of the Adder
 35708 | Elf:1    | Reached XP level 20. HP: 158/194 MP: 20/20
 35967 | Elf:1    | Reached skill level 22 in Shields
 36017 | Elf:1    | Got Sif Muna's Meditations on Evolution
 36073 | Elf:1    | Paralysed by an air elemental for 1 turns
 36099 | Elf:1    | Paralysed by an air elemental for 1 turns
 36141 | Elf:1    | Got Ryimm's Grimoire of the Lungs
 36301 | Elf:1    | Paralysed by an air elemental for 1 turns
 36696 | Elf:1    | Got Uffuacrubb's Lessons on the Traveller
 37346 | Elf:2    | Paralysed by an air elemental for 1 turns
 37543 | Elf:2    | Found a runed translucent gate.
 37544 | Elf:2    | Found a runed translucent gate.
 37544 | Elf:2    | Found a runed translucent gate.
 37672 | Elf:3    | Entered Level 3 of the Elven Halls
 37686 | Elf:3    | Gained mutation: You are weak. (Str -2) [a shining eye]
 37966 | Elf:3    | Paralysed by an air elemental for 1 turns
 37969 | Elf:3    | Paralysed by an air elemental for 1 turns
 38231 | Elf:3    | Paralysed by an air elemental for 1 turns
 38274 | Elf:3    | Paralysed by an air elemental for 1 turns
 38923 | Elf:3    | Bought the +1 cloak of Starlight {*Dazzle EV+4 Stlth--} for
                  | 579 gold pieces
 38923 | Elf:3    | Found the +1 cloak of Starlight {*Dazzle EV+4 Stlth--}
 39686 | Elf:3    | Reached skill level 23 in Shields
 40280 | Elf:3    | Identified the ring "Yxodu" {rElec rPois rN+ Dex+6}
 40664 | Elf:3    | Identified the amulet "Umiet" {RegenMP rElec rC+ rCorr
                  | Str+2}
 41544 | Elf:3    | Got the Incunable of Massed Maleficent Liturgies
 41550 | Elf:3    | Identified the +4 shortbow of Sinoargh {flame, Contam rPois
                  | Int+3 Dex+5}
 42191 | Spider:1 | Entered Level 1 of the Spider Nest
 42506 | Spider:1 | Reached XP level 21. HP: 204/204 MP: 21/21
 42842 | Spider:1 | Bought a pair of embroidered gloves for 232 gold pieces
 43089 | Spider:1 | You fall into a shaft and drop 1 floor!
 43335 | Spider:2 | Noticed Frances
 43337 | Spider:2 | Noticed Asterion
 43340 | Spider:2 | Killed Frances
 43375 | Spider:2 | Killed Asterion
 43495 | Spider:2 | Identified the ring "Ibuiwain" {Fire Drain rPois Str+4
                  | SInv}
 43836 | Spider:3 | Noticed Donald
 43847 | Spider:3 | Killed Donald
 44370 | Spider:3 | Reached skill level 24 in Shields
 44737 | Spider:4 | Entered Level 4 of the Spider Nest
 46185 | Spider:4 | Identified the +2 pair of boots of the Equator {Str+4}
 46306 | Spider:4 | Got a gossamer rune of Zot
 47153 | Vaults:4 | Killed a dread lich
 47331 | Vaults:4 | Reached skill level 25 in Shields
 47331 | Vaults:4 | Reached XP level 22. HP: 133/215 MP: 22/22
 48053 | Slime:1  | Entered Level 1 of the Pits of Slime
 48058 | Slime:1  | Paralysed by a formless jellyfish for 1 turns
 48067 | Slime:1  | Gained mutation: You sometimes lose your temper in combat.
                  | [a shining eye]
 48082 | Slime:1  | Paralysed by a formless jellyfish for 1 turns
 48092 | Slime:1  | HP: 2/216 [azure jelly (19)]
 48958 | Slime:2  | Gained mutation: You occasionally lose the ability to read
                  | scrolls when taking damage. [a shining eye]
 48961 | Slime:2  | Gained mutation: You have hidden genetic defects. [a
                  | shining eye]
 48964 | Slime:2  | Gained mutation: You sometimes lose the ability to read
                  | scrolls when taking damage. [a shining eye]
 50254 | Slime:3  | Gained mutation: You are dopey. (Int -2) [hidden defects]
 50755 | Slime:4  | Paralysed by a formless jellyfish for 1 turns
 50761 | Slime:4  | Gained mutation: Your magical capacity is low. (-10% MP) [a
                  | shining eye]
 51070 | Slime:5  | Entered Level 5 of the Pits of Slime
 51225 | Slime:5  | Reached skill level 26 in Shields
 51238 | Slime:5  | Bought the ring "Arphivvu" {rF+ rC+ rN+} for 820 gold
                  | pieces
 51843 | Vaults:5 | Entered Level 5 of the Vaults
 51953 | Vaults:4 | Gained mutation: Your body sometimes deteriorates upon
                  | taking damage. [hidden defects]
 51953 | Vaults:4 | Lost mutation: You have hidden genetic defects. [hidden
                  | defects expressed]
 52290 | Vaults:5 | Noticed a golden dragon
 52318 | Vaults:5 | Killed a golden dragon
 52385 | Vaults:5 | Reached XP level 23. HP: 55/218 MP: 20/20
 52672 | Vaults:5 | Identified the ring "Vunishem" {Fire +Blink Fly}
 52802 | Vaults:5 | Noticed an ancient lich
 52808 | Vaults:5 | Killed an ancient lich
 52884 | Vaults:5 | Acquired a +1 vampiric eveningstar
 52899 | Vaults:5 | Acquired a manual of Fighting
 52927 | Vaults:5 | Identified the +3 great mace of Ziestad {drain, Drain
                  | +Blink rC- rN+++ Int+3}
 52985 | Vaults:5 | Identified the +8 sling of Woe {drain, Drain rPois rN+}
 52985 | Vaults:5 | Identified the ring "Keywuawk" {rPois rF+ Will- rCorr}
 53013 | Vaults:5 | Identified the +9 mace of Crusades {protect, rN+ Will+}
 53041 | Vaults:5 | Noticed a dread lich
 53112 | Vaults:5 | Noticed an ancient lich
 53122 | Vaults:5 | Killed an ancient lich
 53150 | Vaults:5 | Reached skill level 27 in Shields
 53201 | Vaults:5 | Got a silver rune of Zot
 53375 | Vaults:5 | Noticed a dread lich
 53561 | Vaults:5 | Killed a dread lich
 53640 | Vaults:5 | Paralysed by a dread lich for 5 turns
 53646 | Vaults:5 | Killed a dread lich
 53679 | Vaults:5 | Identified the +8 shortbow of Triumph {speed, rPois Stlth+}
 54119 | Vaults:5 | Identified the +0 ring mail of the King of the Hill {rPois
                  | Will++ Regen+ Int-4}
 54313 | Vaults:5 | Identified the +8 plate armour of the Present {+Blink rPois
                  | Str-2 Int+4}
 54612 | Depths:1 | Entered Level 1 of the Depths
 54748 | Depths:1 | Bought the +6 lightning scales {swift, rElec} for 1072 gold
                  | pieces
 54748 | Depths:1 | Found the +6 lightning scales {swift, rElec}
 54879 | Depths:1 | Found a one-way gate leading to the halls of Pandemonium.
 55271 | Depths:1 | Found a gateway to Hell.
 55401 | Depths:1 | Found the +10 tower shield of Ignorance {rN+ Int-4}
 55585 | Depths:1 | Identified the +7 flail of Action {flame, rF+ Str+5 Int+3}
 55595 | Depths:1 | Found a one-way gate to the infinite horrors of the Abyss.
 55608 | Depths:1 | Reached XP level 24. HP: 241/241 MP: 20/20
 56094 | Depths:2 | Noticed Bai Suzhen
 56105 | Depths:2 | Killed Bai Suzhen
 56305 | Depths:2 | Found Hauw's Antique Weapon Emporium.
 56305 | Depths:2 | Found Zihegosm's Distillery.
 56326 | Depths:2 | Bought a potion of heal wounds for 95 gold pieces
 56326 | Depths:2 | Bought a potion of mutation for 152 gold pieces
 56326 | Depths:2 | Bought a potion of heal wounds for 95 gold pieces
 56326 | Depths:2 | Bought a potion of haste for 190 gold pieces
 56326 | Depths:2 | Bought a potion of resistance for 190 gold pieces
 56326 | Depths:2 | Bought 2 potions of lignification for 114 gold pieces
 56326 | Depths:2 | Bought a potion of enlightenment for 95 gold pieces
 57075 | Depths:2 | Found a burning altar of Makhleb.
 57190 | Depths:2 | Identified the +11 quarterstaff of Aqaoc {heavy, rC+}
 57536 | Depths:3 | Noticed Frederick
 57568 | Depths:3 | Killed Frederick
 57832 | Depths:3 | Found a radiant altar of Vehumet.
 57859 | Depths:3 | Found a broken altar of Ashenzari.
 58414 | Depths:4 | Entered Level 4 of the Depths
 58427 | Depths:4 | Found a corrupted altar of Lugonu.
 58674 | Depths:4 | Noticed a juggernaut
 58690 | Depths:4 | Found a transporter.
 58710 | Depths:4 | Found a bloodstained altar of Trog.
 58710 | Depths:4 | Noticed Olanal's ghost (veteran AtFi)
 58710 | Depths:4 | Identified the orb "Odiroe" {*channel, rElec rC++}
 58714 | Depths:4 | Found a transporter.
 58718 | Depths:4 | Identified the +8 morningstar "Jeryppie" {speed, +Blink
                  | rN+}
 58730 | Depths:4 | Noticed a juggernaut
 58928 | Depths:4 | Found an opulent altar of Gozag.
 58996 | Depths:4 | Found a one-way gateway to a ziggurat.
 59029 | Depths:4 | Found Vinou's Armour Boutique.
 59309 | Depths:4 | Found a gate to the Realm of Zot.
 60033 | Slime:5  | Noticed the Royal Jelly
 60048 | Slime:5  | Found a viscous altar of Jiyva.
 60118 | Slime:5  | Found the +8 autumn katana {manifold assault}
 60342 | Slime:5  | Killed the Royal Jelly
 60455 | Slime:5  | Gained mutation: You occasionally lose the ability to drink
                  | potions when taking damage. [a shining eye]
 60457 | Slime:5  | Gained mutation: You are vulnerable to heat. (rF-) [a
                  | shining eye]
 60669 | Slime:5  | Identified the staff of Dividends {rC+ rCorr Dex+3 Ice}
 60670 | Slime:5  | Identified the +0 ring mail of the Mackerel {rF+ Regen+
                  | Int+2}
 60673 | Slime:5  | Got a slimy rune of Zot
 60716 | Slime:5  | Identified the +9 eveningstar of the Water Diviner {flame,
                  | Str+5 Dex+6}
 60738 | Slime:5  | Identified the +1 pair of gloves of the Elven Halls {Int+3}
 60749 | Slime:5  | Identified the +0 plate armour of the Game Afoot {Int+3}
 60798 | Slime:5  | Identified the amulet of Fiupnu {RegenMP Will+ Slay+4}
 60805 | Slime:5  | Identified the +11 shortbow of a Billion Tables {elec,
                  | rElec rF- rCorr Str+3}
 60822 | Slime:5  | Identified the +10 scimitar of the Briny Deep {holy, rN+
                  | Will+}
 61219 | Lair:2   | Lost mutation: You occasionally lose the ability to drink
                  | potions when taking damage. [potion of mutation]
 61219 | Lair:2   | Lost mutation: You sometimes lose your temper in combat.
                  | [potion of mutation]
 61219 | Lair:2   | Lost mutation: You are dopey. (Int -2) [potion of mutation]
 61219 | Lair:2   | Lost mutation: Your body sometimes deteriorates upon taking
                  | damage. [potion of mutation]
 61219 | Lair:2   | Lost mutation: You sometimes lose the ability to read
                  | scrolls when taking damage. [potion of mutation]
 61219 | Lair:2   | Lost mutation: You are vulnerable to heat. (rF-) [potion of
                  | mutation]
 61219 | Lair:2   | Gained mutation: You have a beak for a mouth. [potion of
                  | mutation]
 61219 | Lair:2   | Gained mutation: You are very weak. (Str -4) [potion of
                  | mutation]
 61219 | Lair:2   | Gained mutation: You have sharp toenails. [potion of
                  | mutation]
 61485 | Depths:4 | Voluntarily entered the Abyss.
 61571 | Abyss:2  | Found a corrupted altar of Lugonu.
 61626 | Abyss:2  | Reached XP level 25. HP: 256/256 MP: 20/20
 61875 | Abyss:2  | Noticed a dread lich
 61894 | Abyss:2  | Killed a dread lich
 61996 | Abyss:3  | Found a sacrificial altar of Ru.
 62055 | Abyss:3  | Found a corrupted altar of Lugonu.
 62190 | Abyss:4  | Got an abyssal rune of Zot
 62213 | Depths:4 | Escaped the Abyss
 62307 | Zot:1    | Entered Level 1 of the Realm of Zot
 62856 | Zot:1    | Noticed an orb of fire
 62872 | Zot:1    | Killed an orb of fire
 63094 | Zot:1    | Found Fyofi's CLEARANCE SALE!.
 63143 | Zot:1    | Bought a scroll of enchant weapon for 30 gold pieces
 63144 | Zot:1    | Bought a wand of charming (4) for 38 gold pieces
 63846 | Zot:2    | Noticed an orb of fire
 63859 | Zot:2    | Gained mutation: Your spells are a little easier to cast,
                  | but a little less powerful. [an orb of fire]
 63886 | Zot:2    | Killed an orb of fire
 64248 | Zot:2    | Noticed Vv
 64277 | Zot:2    | Killed Vv
 64562 | Zot:2    | Noticed an orb of fire
 64599 | Zot:2    | Killed an orb of fire
 64766 | Zot:2    | Noticed an ancient lich
 64773 | Zot:2    | Killed an ancient lich
 64847 | Zot:2    | Found a stormy altar of Qazlal.
 65482 | Zot:3    | Reached XP level 26. HP: 233/271 MP: 20/20
 66479 | Zot:4    | Identified the +0 war axe "Wasece Kobb" {venom, Dex+3 SInv}
 67008 | Zot:5    | Entered Level 5 of the Realm of Zot
 67013 | Zot:5    | Bought the +1 helmet of the Fife {rC++} for 476 gold pieces
 68121 | Zot:5    | Noticed an ancient lich
 68136 | Zot:5    | Killed an ancient lich
 68349 | Zot:5    | Noticed an orb of fire
 68372 | Zot:5    | Killed an orb of fire
 68643 | Zot:5    | Noticed an orb of fire
 68643 | Zot:5    | Gained mutation: You are clumsy. (Dex -2) [an orb of fire]
 68670 | Zot:5    | Killed an orb of fire
 68982 | Zot:5    | Noticed an orb of fire
 68983 | Zot:5    | Noticed an orb of fire
 68990 | Zot:5    | Gained mutation: You are frail. (-10% HP) [an orb of fire]
 69012 | Zot:5    | Noticed an ancient lich
 69023 | Zot:5    | Gained mutation: Your body sometimes deteriorates upon
                  | taking damage. [an orb of fire]
 69024 | Zot:5    | Killed an orb of fire
 69030 | Zot:5    | Gained mutation: You sometimes lose your temper in combat.
                  | [an orb of fire]
 69051 | Zot:5    | Gained mutation: You do not regenerate when monsters are
                  | visible. [mutagenic glow]
 69077 | Zot:5    | Gained mutation: You are dopey. (Int -2) [mutagenic glow]
 69088 | Zot:5    | Gained mutation: You have an uncontrollable temper. [an orb
                  | of fire]
 69112 | Zot:5    | Gained mutation: Your magical capacity is very low. (-20%
                  | MP) [mutagenic glow]
 69128 | Zot:5    | Gained mutation: You are very frail. (-20% HP) [an orb of
                  | fire]
 69130 | Zot:5    | Killed from afar by an ancient lich

Illustrated notes

Levels and vault maps discovered:
D:1:      dpeg_arrival_rhombi, layout_basic,
          dreamdust_ecumenical_altar_hidden_monk_grotto, serial_park_tiny_pond
D:2:      layout_loops_corners
D:3:      layout_basic, mainiacjoe_overflow_chevrons, minmay_fractal_squares_5
D:4:      layout_gridville, nicolae_ossuary_entry_plus, uniq_duvessa
D:5:      layout_basic, minmay_temple_entry_offerings, serial_bayou_pond_a,
          uniq_grinder
D:6:      layout_rooms, serial_glass, glass_columns_a, glass_columns_a,
          dreamdust_gnoll_farm
D:7:      layout_basic, lemuel_crystal_altar, serial_shops,
          nicolae_shop_hallway_plus
D:8:      layout_loops_corners, nicolae_overflows_in_rows, uniq_psyche
D:9:      layout_roguey, erik_lair_orcish_takeover,
          hangedman_decor_diamond_cutter, grunt_decor_clamped
D:10:     layout_loops_ring, lemuel_round_altar, serial_shops,
          nicolae_shop_behind_doors, shop
D:11:     layout_roguey, orc_0_dummy, gammafunk_ghost_cemetery,
          minmay_misc_feat_pillars, minivault_27, uniq_erolcha
D:12:     layout_basic
D:13:     layout_cross, chequers_serial_rivers_micro_c, drop_trap,
          einodemon_armed_red_devil_minivault
D:14:     layout_loops_ring, grunt_vaults_entry_tiered, fedhas_altar_4,
          serial_shops, shop, special_room [special_room_bee],
          grunt_decor_resistance, solitary_fountain
D:15:     gammafunk_depths_entry_grave, layout_irregular_city, serial_shops,
          shop, okawaru_trees_2
Temple:   hellmonk_temple_rainy
Lair:1:   layout_chaotic_city, basic_altar, uniq_erica
Lair:2:   layout_roguey, minmay_swamp_entry_reptiles, st_stairs_8
Lair:3:   layout_loops_ring, nicolae_spider_entry_non_spiders,
          nicolae_volcano_entry_hallway, chequers_serial_rivers_micro_a,
          guppyfry_lair_drakes, grunt_megastairs_3, uniq_nessos
Lair:4:   layout_regular_city, slime_entry_1
Lair:5:   evilmike_catoblepas_cave, layout_loops_ring, uniq_sonja, uniq_urug
Swamp:1:  nicolae_swamp_ascending_descending, layout_basic_swamp,
          evilmike_swamp_ruin_house_5
Swamp:2:  layout_falls_marsh, hangedman_swamp_ruin_wall,
          infiniplex_staircase_pool
Swamp:3:  layout_falls_marsh, evilmike_swamp_ruin_rubble_1, uniq_kirke
Swamp:4:  swamp_fiery, layout_basic_swamp, swamp_pool4, nicolae_swamp_no_escape,
          uniq_aizul
Spider:1: layout_cave_pods, hangedman_spider_tarantella_strand
Spider:2: layout_spider_delve, nicolae_spider_scorpion_nest, uniq_asterion,
          uniq_frances
Spider:3: layout_spider_delve, nicolae_spider_undead_wolf_pack, uniq_donald
Spider:4: spider_rune_water, nicolae_spider_wall_of_niches
Slime:1:  layout_caves
Slime:2:  nicolae_slime_pool, layout_caves, nicolae_slime_round_cave
Slime:3:  layout_caves
Slime:4:  layout_caves
Slime:5:  slime_pit
Orc:1:    layout_diamond_mine, portal_ice_cave_entry_pillars_2,
          minmay_orc_treasury, uniq_maurice, uniq_gastronok
Orc:2:    kennysheep_orc_mage_school, layout_caves, gammafunk_ghost_smash,
          mines2_lemuel
Elf:1:    elf_arrival_002, layout_loops_corners, serial_hangedman_research,
          hangedman_research_quantum, hangedman_research_electronics,
          hangedman_research_metamorphosis, hangedman_research_toxicology,
          kennysheep_underground_church, evilmike_minifort
Elf:2:    nicolae_elf_blades_crystal_corner, layout_geoelf_octagon,
          minmay_fountain_box
Elf:3:    elf_hall_gauntlet_narrow, layout_loops_corners
Vaults:1: portal_desolation_entry_nicolae_slug,
          nicolae_vaults_you_can_take_it_with_you, nicolae_vaults_apartment_1,
          vaults_dpeg_ring, ontoclasm_vaults_shuriken, v_misc_22,
          nicolae_vaults_big_angled_halls, v_misc_13,
          nicolae_vaults_more_shelving_1, nicolae_vaults_two_Ls,
          grunt_vaults_diagonal, nicolae_vaults_little_squares_1,
          layout_vaults_big_room, nicolae_trove_entry_isolated, uniq_saint_roka
Vaults:2: nicolae_vaults_doubleplus_tesselated,
          nicolae_vaults_trapezoid_layered,
          nicolae_vaults_windows_and_doors_thing, vaults_dpeg_emergency_exit,
          hangedman_vaults_impose, vaults_room_fancy_cross,
          ontoclasm_vaults_chip, layout_vaults_omnigrid, serial_shops, shop
Vaults:3: v_rooms_2, minmay_crypt_entry_skeletal_spiral,
          hangedman_vaults_variations, nicolae_vaults_sightless_eye,
          vaults_room_door_ring, nicolae_vaults_tetromino_T_2,
          nicolae_vaults_tetromino_T_1, nicolae_vaults_heart-shaped_vault,
          v_pattern_5, v_misc_3, vaults_room_glass_cross,
          vaults_mumra_chevron_long, nicolae_vaults_rhombus_7,
          nicolae_vaults_tetromino_Z_1, nicolae_vaults_tangram_1,
          layout_vaults_maze_bifur, serial_shops,
          nicolae_shop_pleasant_corner_grove
Vaults:4: hangedman_vaults_nodes, nicolae_vaults_trapezoid_lopsided_1, v_misc_2,
          vaults_room_grid, gammafunk_sealed_library, nicolae_vaults_alarming,
          nicolae_vaults_cornered_office, ontoclasm_vaults_gateway,
          nicolae_vaults_surprise_closet, nicolae_vaults_closet_pinwheel_1,
          layout_vaults_omnicross
Vaults:5: serial_shops
Depths:1: layout_honeycomb, grunt_mini_vestibule, rand_demon_pan_entry_7,
          amcnicky_mini_pool_small, hangedman_abyss_entry_splay,
          fake_guardian_serpent_vault, serial_bayou_shore_b,
          serial_bayou_shore_a
Depths:2: evilmike_makhleb_hellhole, layout_gridville, rand_demon_pan_entry_8,
          chequers_jeans, marbit_kobold_abyss_entry, hell_entry,
          amcnicky_mini_corridor_feature, minmay_shoptagon,
          infiniplex_staircase_spiral, uniq_bai_suzhen
Depths:3: nicolae_hitomezashi [nicolae_hito_row, nicolae_hito_row,
          nicolae_hito_row, nicolae_hito_row, nicolae_hito_row,
          nicolae_hito_row, nicolae_hito_row, nicolae_hito_row,
          nicolae_hito_row, nicolae_hito_row, nicolae_hito_row,
          nicolae_hito_row, nicolae_hito_row, nicolae_hito_row,
          nicolae_hito_row, nicolae_hito_row, nicolae_hito_row,
          nicolae_hito_row], layout_basic, abyss_entry, old_standard_altar,
          pan_entry, pf_hell_entry_tar_river, nicolae_ashenzari_panopticon,
          uniq_frederick
Depths:4: evilmike_zot_entry_round, layout_gridlike, enter_ziggurat_a,
          gammafunk_ghost_wrathful_warriors, serial_shops,
          nicolae_shop_hallway_stairs, pf_hell_entry_great_geh,
          hangedman_abyss_or_decor_clamps, abyss_entry_flame_altar,
          grunt_gozag_statues
Zot:1:    lemuel_firehouse, layout_cathedral_of_symmetry, nicolae_shop_clearance
Zot:2:    regret_index_qazlal_generations, layout_cathedral_of_symmetry, uniq_vv
Zot:3:    layout_basic, nicolae_zot_crop_circle
Zot:4:    layout_onion_interference
Zot:5:    layout_basic

Skill      XL: |  1  2  3  4  5  6  7  8  9 10 11 12 13 14 15 16 17 18 19 20 21 22 23 24 25 26 |
---------------+-------------------------------------------------------------------------------+-----
Maces & Flails | 2 3 4 5 6 7 9 10 11 13 14 15 16 17 18 19 20 21 22 23 24 | 24.3
Armour         | 4 5 6 7 9 10 11 13 14 16 17 18 20 21 22 23 24 25 | 25.4
Fighting       | 3 4 5 6 7 8 9 11 12 13 14 15 16 17 18 20 22 24 25 | 25.1
Shields        | 4 5 6 7 9 11 12 13 15 16 18 20 21 23 25 26 27 | 27.0
Evocations     | 1 3 4 5 6 7 8 9 |  9.2

Action                     |  1- 3 |  4- 6 |  7- 9 | 10-12 | 13-15 | 16-18 | 19-21 | 22-24 | 25-27 || total
---------------------------+-------+-------+-------+-------+-------+-------+-------+-------+-------++-------
  Melee: Flail             |   131 |   190 |   375 |   494 |       |       |       |       |       ||  1190
         Tailslap          |     8 |    18 |    56 |   111 |   174 |   263 |   305 |   407 |   284 ||  1626
         Morningstar       |       |       |       |   149 |  1099 |  1379 |  1791 |  1119 |       ||  5537
         Eveningstar       |       |       |       |       |       |       |       |   673 |  1078 ||  1751
         Peck              |       |       |       |       |       |       |       |     5 |   409 ||   414
         Demon whip        |       |       |       |       |       |       |       |       |   220 ||   220
  Throw: Dart              |       |       |     4 |     1 |    25 |     1 |    20 |       |       ||    51
         Throwing net      |       |       |       |     2 |     1 |     2 |     2 |       |       ||     7
         Javelin           |       |       |       |    11 |     7 |       |       |       |       ||    18
 Invoke: Potion Petition   |       |       |       |     1 |       |     4 |     1 |     5 |     3 ||    14
         Call Merchant     |       |       |       |       |     5 |     1 |     2 |     2 |     2 ||    12
  Evoke: Wand              |       |     2 |     3 |    30 |    15 |    11 |    30 |    67 |    30 ||   188
         Tin of tremorston |       |       |       |     4 |     4 |     3 |     7 |     5 |     2 ||    25
         Box of beasts     |       |       |       |       |     1 |     3 |     4 |     4 |     2 ||    14
         Phial of floods   |       |       |       |       |     1 |     2 |     1 |     1 |       ||     5
         Phantom mirror    |       |       |       |       |       |       |     1 |     3 |       ||     4
    Use: Scroll            |     2 |     7 |     5 |     4 |    22 |     8 |     8 |    26 |     7 ||    89
         Potion            |       |     4 |       |    12 |     7 |    18 |     4 |    15 |     3 ||    63
   Stab: Distracted        |       |       |       |     3 |     6 |    15 |    14 |    16 |    19 ||    73
         Petrified         |       |       |       |       |     5 |       |       |       |       ||     5
         Petrifying        |       |       |       |       |     1 |       |       |       |       ||     1
         Confused          |       |       |       |       |       |     5 |       |       |       ||     5
         Invisible         |       |       |       |       |       |     1 |     7 |     6 |     6 ||    20
         Held in net/web   |       |       |       |       |       |     1 |       |       |       ||     1
         Paralysed         |       |       |       |       |       |       |     2 |       |       ||     2
 Armour: Scale mail        |    73 |   103 |   150 |       |       |       |       |       |       ||   326
         Skin              |       |     5 |       |       |       |       |       |       |       ||     5
         Plate armour      |       |       |   123 |   164 |       |       |       |       |       ||   287
         Troll leather arm |       |       |       |   124 |   140 |       |       |       |       ||   264
         Gold dragon scale |       |       |       |       |   644 |  1217 |  1214 |  1132 |   599 ||  4806
  Dodge: Dodged            |    48 |    67 |   111 |   138 |   191 |   110 |   334 |   422 |   176 ||  1597
  Block: Buckler           |    22 |    63 |    18 |       |       |       |       |       |       ||   103
         Kite shield       |       |       |   169 |   312 |   720 |   100 |       |       |       ||  1301
         Tower shield      |       |       |       |       |       |  1415 |  2150 |  2436 |  1388 ||  7389
         Reflection        |       |       |       |       |       |    16 |       |       |       ||    16

Table legend: (Time is in decaauts)
 A = Elapsed time spent in this place.
 B = Non-inter-level travel time spent in this place.
 C = Inter-level travel time spent in this place.
 D = Time resting spent in this place.
 E = Time spent auto-exploring this place.
 F = Levels seen in this place.
 G = Mean time per level.
                   A        B        C        D        E       F      G
               +--------+--------+--------+--------+--------+-----+--------+
         Total |  68885 |  63204 |   5681 |  10179 |  34317 |  62 | 1111.0 |
       Dungeon |  14746 |  12609 |   2137 |    494 |   9146 |  15 |  983.1 |
        Temple |     19 |      9 |     10 |      0 |      0 |   1 |   19.0 |
          Lair |   7910 |   6868 |   1042 |   1565 |   3590 |   5 | 1582.0 |
         Swamp |   3693 |   3548 |    145 |    793 |   1564 |   4 |  923.2 |
   Spider Nest |   4284 |   4115 |    169 |    152 |   2798 |   4 | 1071.0 |
    Slime Pits |   4864 |   4703 |    161 |   1075 |   2243 |   5 |  972.8 |
  Orcish Mines |   2149 |   1932 |    217 |    108 |    987 |   2 | 1074.5 |
   Elven Halls |   6887 |   6664 |    223 |   2565 |   2553 |   3 | 2295.7 |
        Vaults |   9463 |   8588 |    875 |   1109 |   4487 |   5 | 1892.6 |
        Depths |   4801 |   4446 |    355 |    262 |   3037 |   4 | 1200.2 |
           Zot |   6105 |   5762 |    343 |   1347 |   2856 |   5 | 1221.0 |
         Abyss |    843 |    843 |      0 |     10 |    249 |   5 |  168.6 |
       Ossuary |    238 |    238 |      0 |      0 |     50 |   1 |  238.0 |
      Ice Cave |    942 |    942 |      0 |    287 |    235 |   1 |  942.0 |
       Volcano |    228 |    228 |      0 |      0 |      0 |   1 |  228.0 |
    Desolation |   1706 |   1706 |      0 |    408 |    520 |   1 | 1706.0 |
               +--------+--------+--------+--------+--------+-----+--------+

Top non-repeatable levels by time:
   Elf:3: 4162 daAuts
  Lair:2: 2259 daAuts
Vaults:5: 2210 daAuts
   Elf:1: 2051 daAuts
Vaults:3: 1961 daAuts
   Zot:5: 1917 daAuts
Vaults:2: 1888 daAuts
Vaults:4: 1887 daAuts
Desolation: 1706 daAuts
Spider:4: 1686 daAuts
  Lair:3: 1675 daAuts
   Zot:2: 1610 daAuts
    D:14: 1580 daAuts
 Slime:5: 1551 daAuts
Vaults:1: 1515 daAuts
